[ AOE2 MATCH · #505115123 ]
UnrankedMongols vs Persians
Player's team · LOSS
Rival team · WIN
[ REPLAY ANALYSIS · EXTRACTED FROM THE RECORDED GAME ]
Feudal
9:22
Castle
24:01
Imperial
48:36
| APM avg | 27.6 |
| APM peak | 74 |
| eAPM avg | 17.5 |
| Villagers / military | 96 / 56 |
Focus
⚔️ 30.7% · 🌾 69.3%
Mangudai ×17 · Monk ×10 · Archer ×7 · Steppe Lancer ×6 · Cavalry Archer ×5 · Battering Ram ×4
Feudal
14:45
Castle
25:42
Imperial
51:50
| APM avg | 29.4 |
| APM peak | 75 |
| eAPM avg | 15.7 |
| Villagers / military | 87 / 53 |
Focus
⚔️ 28.6% · 🌾 71.4%
Scout Cavalry ×30 · Militia ×6 · War Elephant ×6 · Camel Scout ×5 · Trebuchet (Packed) ×4 · Monk ×2
Match map
Initial resources + every placement click. Lines = walls · curves = elevation contours. ◆ gold · ⬟ stone · ● berries · ✦ relic · ◌ wall gap
Your base· Open — 5t gap
jamakucky's base· Open — unwalled flank
Smoothed initial terrain · ◌ = detected wall gap · hover for details
Inputs per minute
— pabloic16 - - jamakucky
Build order — pabloic16
First 150 of 299 actions detected
| 0:01 | Queue | Villager (Male) |
| 0:01 | Queue | Villager (Male) |
| 0:02 | Build | House |
| 0:04 | Build | House |
| 0:36 | Queue | Villager (Male) |
| 0:36 | Queue | Villager (Male) |
| 1:30 | Queue | Villager (Male) |
| 1:31 | Queue | Villager (Male) |
| 1:47 | Queue | Villager (Male) |
| 1:47 | Queue | Villager (Male) |
| 1:47 | Queue | Villager (Male) |
| 1:49 | Build | Lumber Camp |
| 2:09 | Queue | Villager (Male) |
| 2:09 | Queue | Villager (Male) |
| 2:09 | Queue | Villager (Male) |
| 2:53 | Queue | Villager (Male) |
| 2:53 | Queue | Villager (Male) |
| 3:12 | Queue | Villager (Male) |
| 3:13 | Queue | Villager (Male) |
| 3:20 | Queue | Villager (Male) |
| 3:20 | Queue | Villager (Male) |
| 3:41 | Queue | Villager (Male) |
| 3:41 | Queue | Villager (Male) |
| 3:41 | Queue | Villager (Male) |
| 3:50 | Build | House |
| 4:12 | Queue | Villager (Male) |
| 4:12 | Queue | Villager (Male) |
| 4:14 | Build | Mill |
| 4:21 | Queue | Villager (Male) |
| 4:22 | Queue | Villager (Male) |
| 4:22 | Queue | Villager (Male) |
| 5:32 | Queue | Villager (Male) |
| 5:32 | Queue | Villager (Male) |
| 6:15 | Queue | Villager (Male) |
| 6:17 | Research | Loom |
| 6:56 | Research | Feudal Age |
| 7:29 | Build | Barracks |
| 8:29 | Build | House |
| 8:31 | Build | House |
| 8:49 | Build | Palisade Wall |
| 8:57 | Build | Farm |
| 9:22 | Age | Feudal Age |
| 9:26 | Build | Archery Range |
| 9:31 | Queue | Villager (Male) |
| 9:31 | Queue | Villager (Male) |
| 9:40 | Research | Double-Bit Axe |
| 9:48 | Queue | Villager (Male) |
| 10:07 | Queue | Archer |
| 10:30 | Build | Watch Tower |
| 10:40 | Build | Lumber Camp |
| 10:44 | Queue | Villager (Male) |
| 11:07 | Queue | Villager (Male) |
| 11:07 | Queue | Villager (Male) |
| 11:32 | Build | Lumber Camp |
| 11:49 | Queue | Villager (Male) |
| 11:49 | Queue | Villager (Male) |
| 11:49 | Queue | Villager (Male) |
| 12:27 | Build | Mining Camp |
| 12:28 | Queue | Villager (Male) |
| 12:28 | Queue | Villager (Male) |
| 12:30 | Build | Farm |
| 12:46 | Build | House |
| 12:56 | Build | Farm |
| 13:12 | Queue | Villager (Male) |
| 13:12 | Queue | Villager (Male) |
| 13:27 | Build | Blacksmith |
| 13:44 | Queue | Villager (Male) |
| 13:44 | Queue | Villager (Male) |
| 13:48 | Build | Farm |
| 13:55 | Build | Farm |
| 13:55 | Build | Farm |
| 13:55 | Build | Farm |
| 13:56 | Build | Farm |
| 13:56 | Build | Farm |
| 13:56 | Build | Farm |
| 14:25 | Queue | Villager (Male) |
| 14:28 | Build | Farm |
| 14:38 | Build | Farm |
| 14:41 | Build | Farm |
| 14:41 | Build | Farm |
| 14:42 | Build | Farm |
| 14:42 | Build | Farm |
| 14:44 | Build | House |
| 14:46 | Queue | Archer |
| 14:46 | Queue | Archer |
| 14:55 | Build | House |
| 14:57 | Build | Palisade Wall |
| 15:03 | Queue | Archer |
| 15:03 | Queue | Archer |
| 15:32 | Research | Fletching |
| 15:45 | Build | Market |
| 16:22 | Build | Farm |
| 17:01 | Build | Farm |
| 17:01 | Build | Farm |
| 17:01 | Build | Farm |
| 17:02 | Build | Farm |
| 17:02 | Build | Farm |
| 17:02 | Build | Farm |
| 17:21 | Build | Watch Tower |
| 17:35 | Research | Wheelbarrow |
| 17:55 | Build | Mining Camp |
| 18:23 | Build | House |
| 18:24 | Build | House |
| 18:39 | Queue | Villager (Male) |
| 18:39 | Queue | Villager (Male) |
| 18:48 | Build | Mill |
| 18:49 | Build | Farm |
| 18:49 | Build | Farm |
| 18:49 | Build | Farm |
| 18:49 | Build | Farm |
| 18:49 | Build | Farm |
| 18:53 | Build | Farm |
| 19:33 | Build | Watch Tower |
| 20:05 | Queue | Villager (Male) |
| 20:41 | Queue | Archer |
| 20:41 | Queue | Archer |
| 20:45 | Build | Farm |
| 21:21 | Research | Castle Age |
| 21:48 | Research | Padded Archer Armor |
| 21:58 | Build | Watch Tower |
| 22:15 | Build | Archery Range |
| 22:20 | Build | House |
| 22:21 | Build | House |
| 22:24 | Research | Horse Collar |
| 22:26 | Research | Gold Mining |
| 22:44 | Build | Farm |
| 22:48 | Build | Farm |
| 23:26 | Build | Archery Range |
| 24:01 | Age | Castle Age |
| 24:05 | Build | Siege Workshop |
| 24:09 | Research | Bodkin Arrow |
| 24:28 | Queue | Cavalry Archer |
| 24:28 | Queue | Cavalry Archer |
| 24:28 | Queue | Cavalry Archer |
| 24:50 | Queue | Cavalry Archer |
| 24:51 | Queue | Cavalry Archer |
| 24:56 | Build | Watch Tower |
| 25:21 | Queue | Villager (Male) |
| 25:21 | Queue | Villager (Male) |
| 25:44 | Queue | Villager (Male) |
| 25:44 | Queue | Villager (Male) |
| 26:02 | Queue | Battering Ram |
| 26:36 | Build | Farm |
| 26:57 | Queue | Battering Ram |
| 27:00 | Research | Crossbowman (upgrade) |
| 27:04 | Build | Farm |
| 27:16 | Queue | Battering Ram |
| 27:57 | Build | Castle |
| 28:23 | Build | Stable |
| 28:31 | Research | Bow Saw |
Build order — jamakucky
First 150 of 284 actions detected
| 0:01 | Queue | Villager (Male) |
| 0:02 | Queue | Villager (Male) |
| 0:02 | Queue | Villager (Male) |
| 0:04 | Build | House |
| 0:06 | Build | House |
| 1:02 | Queue | Villager (Male) |
| 1:02 | Queue | Villager (Male) |
| 1:03 | Queue | Villager (Male) |
| 1:51 | Queue | Villager (Male) |
| 1:51 | Queue | Villager (Male) |
| 2:28 | Queue | Villager (Male) |
| 2:28 | Queue | Villager (Male) |
| 2:29 | Queue | Villager (Male) |
| 3:21 | Build | Barracks |
| 3:45 | Queue | Villager (Male) |
| 3:45 | Queue | Villager (Male) |
| 3:46 | Queue | Villager (Male) |
| 3:46 | Queue | Villager (Male) |
| 3:46 | Queue | Villager (Male) |
| 3:46 | Queue | Villager (Male) |
| 3:50 | Build | House |
| 4:20 | Queue | Villager (Male) |
| 4:20 | Queue | Villager (Male) |
| 4:50 | Build | House |
| 5:02 | Queue | Militia |
| 5:02 | Queue | Militia |
| 5:02 | Queue | Militia |
| 5:03 | Queue | Militia |
| 5:23 | Build | House |
| 5:25 | Build | House |
| 5:33 | Queue | Militia |
| 5:34 | Queue | Militia |
| 5:42 | Queue | Villager (Male) |
| 5:42 | Queue | Villager (Male) |
| 5:43 | Queue | Villager (Male) |
| 5:43 | Queue | Villager (Male) |
| 6:14 | Build | House |
| 6:40 | Build | Lumber Camp |
| 6:52 | Queue | Villager (Male) |
| 6:52 | Queue | Villager (Male) |
| 6:52 | Queue | Villager (Male) |
| 8:14 | Build | Mill |
| 8:16 | Queue | Villager (Male) |
| 8:16 | Queue | Villager (Male) |
| 8:17 | Queue | Villager (Male) |
| 8:17 | Queue | Villager (Male) |
| 8:53 | Queue | Villager (Male) |
| 8:54 | Queue | Villager (Male) |
| 9:30 | Build | Mining Camp |
| 9:46 | Build | Mining Camp |
| 10:27 | Queue | Villager (Male) |
| 11:06 | Research | Loom |
| 12:41 | Research | Feudal Age |
| 12:42 | Queue | Villager (Male) |
| 14:45 | Age | Feudal Age |
| 14:49 | Build | Watch Tower |
| 15:03 | Research | Double-Bit Axe |
| 15:08 | Queue | Villager (Male) |
| 15:10 | Research | Horse Collar |
| 15:24 | Build | House |
| 15:28 | Build | House |
| 15:31 | Build | House |
| 15:48 | Build | Watch Tower |
| 16:01 | Build | House |
| 16:08 | Build | House |
| 16:15 | Build | House |
| 16:20 | Build | House |
| 17:00 | Build | Archery Range |
| 17:10 | Build | Farm |
| 17:10 | Build | Farm |
| 17:11 | Build | Farm |
| 17:11 | Build | Farm |
| 17:11 | Build | Farm |
| 17:11 | Build | Farm |
| 17:12 | Build | Farm |
| 17:12 | Build | Farm |
| 17:12 | Build | Farm |
| 17:21 | Build | Farm |
| 17:21 | Build | Farm |
| 17:21 | Build | Farm |
| 18:01 | Build | Watch Tower |
| 18:07 | Build | Blacksmith |
| 18:23 | Build | House |
| 18:33 | Queue | Villager (Male) |
| 18:34 | Queue | Villager (Male) |
| 18:34 | Queue | Villager (Male) |
| 18:34 | Queue | Villager (Male) |
| 18:37 | Build | Farm |
| 18:37 | Build | Farm |
| 18:37 | Build | Farm |
| 18:37 | Build | Farm |
| 18:38 | Build | Farm |
| 18:51 | Build | House |
| 19:06 | Research | Fletching |
| 19:16 | Build | Watch Tower |
| 19:29 | Build | House |
| 19:30 | Build | House |
| 20:28 | Build | Farm |
| 20:28 | Build | Farm |
| 20:29 | Build | Farm |
| 20:29 | Build | Farm |
| 20:33 | Queue | Villager (Male) |
| 20:33 | Queue | Villager (Male) |
| 20:33 | Queue | Villager (Male) |
| 20:34 | Queue | Villager (Male) |
| 21:08 | Build | Mining Camp |
| 21:27 | Build | House |
| 21:54 | Build | Farm |
| 22:33 | Build | Farm |
| 23:08 | Research | Scale Mail Armor |
| 23:17 | Research | Castle Age |
| 23:32 | Research | Man-at-Arms (upgrade) |
| 23:37 | Research | Arson |
| 24:02 | Build | Stone Wall |
| 24:03 | Build | Stone Wall |
| 24:37 | Build | Stone Wall |
| 25:42 | Age | Castle Age |
| 25:49 | Build | Castle |
| 25:57 | Build | House |
| 26:40 | Build | Lumber Camp |
| 27:36 | Research | Bodkin Arrow |
| 27:56 | Research | Wheelbarrow |
| 28:03 | Research | Bow Saw |
| 28:50 | Build | Town Center |
| 29:37 | Build | Town Center |
| 29:41 | Queue | Villager (Male) |
| 29:41 | Queue | Villager (Male) |
| 29:41 | Queue | Villager (Male) |
| 29:54 | Queue | Villager (Male) |
| 29:54 | Queue | Villager (Male) |
| 29:55 | Queue | Villager (Male) |
| 29:55 | Queue | Villager (Male) |
| 29:55 | Queue | Villager (Male) |
| 29:55 | Queue | Villager (Male) |
| 29:56 | Queue | Villager (Male) |
| 30:53 | Build | Farm |
| 30:53 | Build | Farm |
| 30:53 | Build | Farm |
| 31:06 | Queue | War Elephant |
| 31:17 | Build | Castle |
| 31:46 | Queue | Villager (Male) |
| 31:46 | Queue | Villager (Male) |
| 33:40 | Queue | Villager (Male) |
| 33:40 | Queue | Villager (Male) |
| 33:40 | Queue | Villager (Male) |
| 33:40 | Queue | Villager (Male) |
| 33:48 | Build | Farm |
| 33:49 | Build | Farm |
| 33:49 | Build | Farm |
| 33:49 | Build | Farm |
Match timeline
| 3:21 | jamakucky · first_building Barracks |
| 7:29 | pabloic16 · first_building Barracks |
| 8:49 | pabloic16 · wall_segment Palisade Wall x6 |
| 9:22 | pabloic16 · age_up feudal |
| 9:26 | pabloic16 · first_building Archery Range |
| 14:45 | jamakucky · age_up feudal |
| 14:57 | pabloic16 · wall_segment Palisade Wall x1 |
| 17:00 | jamakucky · first_building Archery Range |
| 17:15 | pabloic16 · first_market_buy 100 stone |
| 21:04 | pabloic16 · first_market_sell 100 wood |
| 24:01 | pabloic16 · age_up castle |
| 24:02 | jamakucky · wall_segment Stone Wall x1 |
| 24:03 | jamakucky · wall_segment Stone Wall x1 |
| 24:05 | pabloic16 · first_building Siege Workshop |
| 24:37 | jamakucky · wall_segment Stone Wall x1 |
| 25:42 | jamakucky · age_up castle |
| 25:49 | jamakucky · first_building Castle |
| 27:57 | pabloic16 · first_building Castle |
| 28:23 | pabloic16 · first_building Stable |
| 33:51 | pabloic16 · first_building Monastery |
| 40:09 | jamakucky · first_building Stable |
| 44:22 | jamakucky · first_market_sell 100 stone |
| 48:22 | jamakucky · first_building Monastery |
| 48:36 | pabloic16 · age_up imperial |
| 51:50 | jamakucky · age_up imperial |
| 59:12 | pabloic16 · resign |
[ AI ANALYSIS · 1 CREDIT ]
What really happened in this match?
Wolo.gg analyzes every decision: build order, eco, micro, common mistakes by bracket. Personalized analysis on WhatsApp or Discord in 30 seconds.
Civ guide
Mongols
Perfil
Jugador #2181986